 Dungeon Crawl Stone Soup version 0.30-a0-585-g93115170b9 (webtiles) character file.

Game seed: 6374677491935857848

58656 Ijustatesigmund the Victor of a Thousand Battles (level 14, -2/133 HPs)
             Began as a Hill Orc Fighter on Jan 2, 2023.
             Was the Champion of Okawaru.
             Slain by a bone dragon (5 damage)
             ... on level 14 of the Dungeon.
             The game lasted 00:38:38 (20006 turns).

Ijustatesigmund (HOFi)                             Turns: 20006, Time: 00:38:39

Health: -2/133     AC: 28    Str: 30    XL:     14   Next: 91%
Magic:  26/26      EV: 11    Int:  8    God:    Okawaru [******]
Gold:   1463       SH: 14    Dex: 16    Spells: 13/13 levels left

rFire   + . .      SeeInvis .    a - +3 war axe (freeze)
rCold   . . .      Faith    .    c - +1 kite shield
rNeg    . . .      Spirit   .    v - +1 plate armour "Itirr" {rF+ Will- Regen+ Slay+5}
rPois   .          Reflect  .    L - +1 hat
rElec   .          Harm     .    I - +1 cloak
rCorr   .          Rampage  .    N - +1 pair of gloves
Will    .....                    x - +1 pair of boots Stlth
                                 (no amulet)
HPRegen 1.22/turn                t - +6 ring of strength
MPRegen 0.20/turn                s - +6 ring of dexterity

@: heroic, studying Short Blades, very slow
A: no striking features
a: Renounce Religion, Heroism, Finesse, Duel


You were on level 14 of the Dungeon.
You worshipped Okawaru.
Okawaru was exalted by your worship.
You visited 2 branches of the dungeon, and saw 15 of its levels.
You visited the Abyss 1 time.
You also visited: Ossuary, Bailey and Ice Cave.

You collected 1527 gold pieces.
You spent 64 gold pieces at shops.

Inventory:

Hand Weapons
 a - a +3 war axe of freezing (weapon)
 d - a +2 flail of protection
 r - a +1 war axe of freezing
Missiles
 H - 18 throwing nets (quivered)
Armour
 b - a +2 chain mail of cold resistance
 c - a +1 kite shield (worn)
 l - the +1 plate armour of the Midnight Sun {rElec Regen+}
   (Okawaru gifted it to you on level 14 of the Dungeon)

   rElec:     It insulates you from electricity.
   Regen:     It increases your rate of health regeneration.
 v - the +1 plate armour "Itirr" (worn) {rF+ Will- Regen+ Slay+5}
   (You found it on level 11 of the Dungeon)

   Slay:      It affects your accuracy & damage with ranged weapons and melee
   (+5).
   rF:        It protects you from fire.
   Regen:     It increases your rate of health regeneration.
   Will:      It decreases your willpower.
 x - a +1 pair of boots (worn)
 I - a +1 cloak (worn)
 L - a +1 hat (worn)
 M - the +4 skin of Zhor {*Englaciate rC+++ SInv}
   (You found it in an ice cave)

   It radiates cold, occasionally slowing all nearby creatures who are not
   resistant to cold.
   rC:        It renders you almost immune to cold.
   SInv:      It lets you see invisible.
 N - a +1 pair of gloves (worn)
Jewellery
 e - a ring of positive energy
 o - a ring of ice
 q - a ring of ice
 s - a +6 ring of dexterity (right hand)
 t - a +6 ring of strength (left hand)
 E - the ring "Nitueley" {Ice rElec rPois}
   (You found it in an ice cave)

   [ring of ice]

   It enhances your ice magic.
   rF:        It makes you vulnerable to fire.
   rC:        It protects you from cold.
   rElec:     It insulates you from electricity.
   rPois:     It protects you from poison.
 K - an amulet of magic regeneration
Wands
 n - a wand of iceblast (2)
 w - a wand of flame (4)
 y - a wand of digging (3)
 B - a wand of polymorph (8)
Scrolls
 i - a scroll of magic mapping
 p - 6 scrolls of teleportation
 A - 4 scrolls of amnesia
 F - a scroll of poison
 J - 2 scrolls of identify
 P - a scroll of silence
Potions
 f - 4 potions of mutation
 g - a potion of magic
 h - 3 potions of attraction
 j - 2 potions of ambrosia
 k - 3 potions of lignification
 m - 2 potions of haste
 u - 3 potions of curing
 z - 3 potions of flight
 C - a potion of might
 R - a potion of brilliance


   Skills:
 + Level 14.6(19.6) Fighting
 + Level 15.6(20.6) Axes
 - Level 13.5(18.5) Armour
 - Level 2.8(7.8) Dodging
 - Level 8.2(13.2) Shields
 + Level 16.3 Invocations
 - Level 5.0 Evocations


You had 13 spell levels left.
You didn't know any spells.
Your spell library contained the following spells:

 Spells                   Type           Power      Damage    Failure   Level
 Apportation              Tloc           0%         N/A       98%         1
 Necrotise                Necr           0%         1d4       98%         1
 Blink                    Tloc           0%         N/A       99%         2
 Cigotuvi's Dreadful Rot  Necr/Pois/Air  0%         N/A       99%         2
 Poisonous Vapours        Pois/Air       0%         N/A       99%         2
 Gell's Gravitas          Tloc           0%         N/A       100%        3
 Ignite Poison            Fire/Tmut/Pois 0%         N/A       100%        3
 Kindle Blastsparks       Fire/Tloc/Air  0%         2d10      100%        3
 Lesser Beckoning         Tloc           0%         N/A       100%        3
 Mephitic Cloud           Conj/Pois/Air  0%         N/A       100%        3
 Ozocubu's Armour         Ice            0%         N/A       100%        3
 Stone Arrow              Conj/Erth      0%         3d7       100%        3
 Teleport Other           Tloc           0%         N/A       100%        3
 Vampiric Draining        Necr           0%         2d6       100%        3
 Anguish                  Hex/Necr       0%         N/A       100%        4
 Leda's Liquefaction      Hex/Erth       0%         N/A       100%        4
 Manifold Assault         Tloc           0%         N/A       100%        4
 Passage of Golubria      Tloc           0%         N/A       100%        4
 Sticky Flame             Conj/Fire      0%         2d3       100%        4
 Agony                    Necr           0%         N/A       100%        5
 Freezing Cloud           Conj/Ice/Air   0%         6-21      100%        5
 Lee's Rapid Deconstruct  Erth           0%         3d4*      100%        5
 Metabolic Englaciation   Hex/Ice        0%         N/A       100%        5
 Yara's Violent Unravell  Hex/Tmut       0%         3d3       100%        5
 Ozocubu's Refrigeration  Ice            0%         4d7       100%        7
 Storm Form               Tmut/Air       0%         N/A       100%        7
 Borgnjor's Revivificati  Necr           0%         N/A       100%        8
 Summon Small Mammal      Summ           Unusable   N/A       N/A         1
 Call Canine Familiar     Summ           Unusable   N/A       N/A         3
 Summon Guardian Golem    Hex/Summ       Unusable   N/A       N/A         3
 Tukima's Dance           Hex            Unusable   N/A       N/A         3
 Death Channel            Necr           Unusable   N/A       N/A         6
 Spellforged Servitor     Conj/Summ      Unusable   N/A       N/A         7
 Infestation              Necr           Unusable   N/A       N/A         8

Dungeon Overview and Level Annotations

Branches:
Dungeon (14/15)            Temple (1/1) D:4            Lair (0/5) D:10
    Orc (0/2) D:9         Ossuary (visited)          Bailey (visited)
  IceCv (visited)
 Vaults: D:13-14

Altars:
Ashenzari
Cheibriados
Dithmenos
Elyvilon
Fedhas
Gozag
Hepliaklqana
Kikubaaqudgha
Makhleb
Nemelex Xobeh
Okawaru
Qazlal
Ru
Sif Muna
Trog
Uskayaw
Vehumet
Wu Jian
Xom
Yredelemnul
Zin
The Shining One

Shops:
D:10 *

Portals:
Abyss: D:13


Message History

The bone dragon is heavily damaged.
The bone dragon bites you! You block the bone dragon's attack. x2
You slice the bone dragon!! You freeze the bone dragon.
The bone dragon is heavily damaged.
You block the bone dragon's attack.
The bone dragon claws you but does no damage.
The bone dragon tramples you.
You stumble backwards!
Splash!
You fall into the shallow water.
Moving in this stuff is going to be slow.
Your unstable footing causes you to fumble your attack.
The bone dragon closely misses you. You block the bone dragon's attack.
The bone dragon tramples you but does no damage.
You completely miss the bone dragon.
The bone dragon is heavily damaged.
The bone dragon bites you! The bone dragon claws you.
* * * LOW HITPOINT WARNING * * *
The bone dragon closely misses you.
You slash the bone dragon!
The bone dragon is severely damaged.
You slice the bone dragon!! You freeze the bone dragon.
The bone dragon is almost destroyed.
You block the bone dragon's attack. The bone dragon claws you!
* * * LOW HITPOINT WARNING * * *
You block the bone dragon's attack.
You slash the bone dragon!
The bone dragon is almost destroyed.
The bone dragon bites you!
* * * LOW HITPOINT WARNING * * *
The bone dragon claws you!
* * * LOW HITPOINT WARNING * * *
The bone dragon barely misses you.
Your unstable footing causes you to fumble your attack.
The bone dragon bites you but does no damage.
The bone dragon claws you but does no damage.
The bone dragon closely misses you.
You completely miss the bone dragon.
The bone dragon is almost destroyed.
The bone dragon bites you.
You die...

#.### # ....## #.##~~...
...~~~~.. ..~~~~~~### .#
.~~~~~~~~.# ..#
~~~~~~~~~.# ..#
~~~~~~~@).###.# #....#
~~~~~~~.D.....# #...)#
#~~~~~~.......# #....#
##~~~~~.(.....# ##~~~~##
...~~~~.......###~~~~~~#
....~..........##~~~~~~#
.#..#.......##†###~~~~##
'..#.......##..###~~...
## #.......###...###...


You could see a bone dragon.

Vanquished Creatures
  Frances (D:14)
  A revenant (Abyss:2)
  The ghost of Bnni the Skirmisher, a journeyman FoHs of Okawaru (D:13)
  A great orb of eyes (D:13)
  Fannar (D:11)
  Harold (D:11)
  A hydra (D:13)
  A catoblepas (D:13)
  2 centaur warriors
  The ghost of Zigma the Summoner, a journeyman OpSu of Yredelemnul (D:9)
  4 two-headed ogres
  A sun demon (D:13)
  2 thrashing horrors (Abyss:2)
  A wretched star (Abyss:2)
  6 skeletal warriors
  Pikel (D:4)
  2 wizards
  A necromancer (IceCv)
  4 deep elf pyromancers (D:14)
  4 cyclopes
  2 manticores (D:13)
  14 ugly things
  A worldbinder (D:13)
  An ice statue (IceCv)
  3 orange demons (Abyss:2)
  A freezing wraith (IceCv)
  2 gargoyles
  3 komodo dragons
  3 anaconda simulacra (IceCv)
  13 ice devils (IceCv)
  An efreet (D:12)
  A tengu conjurer (D:14)
  5 trolls
  An ancient zyme (Abyss:2)
  Grinder (D:3)
  13 starcursed masses (Abyss:2)
  5 raiju (Abyss:2)
  A ynoxinul (Abyss:2)
  8 wraiths
  7 wyverns
  2 shadows
  8 yaks
  3 dire elephant simulacra (IceCv)
  A basilisk (D:10)
  Grum (Bailey)
  A chaos spawn (Abyss:2)
  2 neqoxecs (Abyss:2)
  6 death yak simulacra (IceCv)
  3 vampire mosquitoes (D:12)
  Menkaure (D:7)
  A harpy simulacrum (IceCv)
  3 acid dragons
  11 large abominations (Abyss:2)
  A hydra simulacrum (IceCv)
  6 water moccasins
  3 ice beasts
  13 orc warriors
  6 black bears
  A sky beast (D:7)
  11 wolves
  7 centaurs
  An ogre (D:14)
  A lemure (D:4)
  A phantom (D:4)
  8 bullfrogs
  6 elf zombies (Ossuary)
  2 kobold brigands
  A scorpion (D:6)
  5 small abominations (Abyss:2)
  3 cane toad simulacra (IceCv)
  10 gnoll sergeants
  A necrophage (D:4)
  3 two-headed ogre simulacra (IceCv)
  8 wights
  4 elephant simulacra (IceCv)
  12 killer bees
  2 vampire bats (D:11)
  17 electric eels
  7 howler monkeys
  2 centaur zombies (Ossuary)
  A quasit (Abyss:2)
  5 hounds
  16 orc priests
  4 human zombies (Ossuary)
  A jelly (D:4)
  7 gnoll boudas
  An iron imp (Abyss:2)
  5 iguanas
  17 orc wizards
  Natasha (thrice) (D:3)
  A troll simulacrum (IceCv)
  4 polar bear simulacra (IceCv)
  3 wolf simulacra (IceCv)
  A spriggan simulacrum (IceCv)
  3 mummies (Ossuary)
  38 gnolls
  8 adders
  3 ufetubi
  2 worms
  2 dart slugs (D:2)
  65 orcs
  4 bats
  A bat skeleton (D:11)
  5 bat zombies (D:11)
  7 endoplasms
  4 giant cockroaches
  12 goblins
  9 hobgoblins
  15 jackals
  3 quokkas
  13 ball pythons
  2 frilled lizards (D:3)
  15 kobolds
  2 rats
  A lurking horror (Abyss:2)
591 creatures vanquished.

Vanquished Creatures (others)
  A white imp (D:7)
  2 orcs (D:14)
  3 fungi (D:10)
  96 plants
102 creatures vanquished.

Grand Total: 693 creatures vanquished

Notes
Turn   | Place    | Note
-------+----------+-------------------------------------------
     0 | D:1      | Ijustatesigmund the Hill Orc Fighter began the quest for
                  | the Orb.
     0 | D:1      | Reached XP level 1. HP: 19/19 MP: 1/1
   168 | D:1      | Reached XP level 2. HP: 27/27 MP: 2/2
  1052 | D:1      | Reached XP level 3. HP: 34/34 MP: 3/3
  1356 | D:2      | Reached XP level 4. HP: 41/41 MP: 4/4
  1557 | D:2      | Reached skill level 5 in Fighting
  1570 | D:2      | Identified the +5 quarterstaff of Dob Yneb {venom, rF+}
  2169 | D:3      | Reached skill level 5 in Axes
  2171 | D:3      | Reached XP level 5. HP: 47/48 MP: 5/5
  2588 | D:3      | Noticed Natasha
  2588 | D:3      | Noticed Grinder
  2591 | D:3      | Killed Natasha
  2601 | D:3      | Paralysed by Grinder for 2 turns
  2608 | D:3      | Killed Grinder
  2609 | D:3      | Reached XP level 6. HP: 24/58 MP: 6/6
  2785 | D:3      | Reached XP level 7. HP: 64/64 MP: 7/7
  2918 | D:3      | Noticed Natasha
  2939 | D:3      | Killed Natasha
  3075 | D:3      | Noticed Natasha
  3080 | D:3      | Killed Natasha
  3140 | D:4      | Found a staircase to the Ecumenical Temple.
  3150 | Temple   | Entered the Ecumenical Temple
  3150 | Temple   | Found a transporter.
  3150 | Temple   | Found a transporter.
  3152 | Temple   | Found a transporter.
  3152 | Temple   | Found a transporter.
  3240 | D:4      | Reached skill level 5 in Armour
  3645 | D:4      | Found a sacrificial altar of Ru.
  3659 | D:4      | Noticed Pikel
  3664 | D:4      | Paralysed by Pikel for 2 turns
  3672 | D:4      | Paralysed by Pikel for 3 turns
  3677 | D:4      | Paralysed by Pikel for 4 turns
  3681 | D:4      | Killed Pikel
  3682 | D:4      | Reached XP level 8. HP: 7/74 MP: 8/8
  4219 | D:5      | Entered Level 5 of the Dungeon
  4387 | D:4      | Reached skill level 1 in Dodging
  4387 | D:4      | Reached skill level 1 in Evocations
  4596 | D:5      | Reached XP level 9. HP: 72/82 MP: 9/9
  5984 | D:6      | Reached skill level 10 in Axes
  6288 | D:7      | Found a sand-covered staircase.
  6304 | Ossuary  | Entered an ossuary
  6460 | Ossuary  | Reached skill level 10 in Fighting
  6486 | Ossuary  | Reached XP level 10. HP: 86/93 MP: 10/10
  7369 | D:7      | Noticed Menkaure
  7372 | D:7      | Killed Menkaure
  7385 | D:7      | Reached skill level 5 in Shields
  7385 | D:7      | Reached skill level 5 in Evocations
  7395 | D:7      | Got the Almanac of Scorching Allies
  7996 | D:8      | Found a flagged portal.
  8021 | Bailey   | Entered a bailey
  8640 | Bailey   | Noticed Grum
  8735 | Bailey   | Identified the +8 great sword of Wodyz {freeze, +Blink rC-
                  | rCorr Int+5}
  8749 | Bailey   | Killed Grum
  9652 | D:8      | Reached XP level 11. HP: 74/100 MP: 11/11
 11093 | D:9      | Identified the +4 plate armour of Tiuleloz {rN+ Str+3
                  | Int-5}
 11104 | D:9      | Noticed Zigma's ghost (journeyman OpSu)
 11106 | D:9      | Noticed a cyclops
 11106 | D:9      | Noticed a centaur warrior
 11111 | D:9      | Found a transporter.
 11114 | D:9      | Found a transporter.
 11541 | D:9      | Found a staircase to the Orcish Mines.
 11677 | D:10     | Entered Level 10 of the Dungeon
 11677 | D:10     | Found Ketsaro's General Store.
 11946 | D:10     | Bought a scroll of fear for 64 gold pieces
 11970 | D:10     | Noticed a two-headed ogre
 11979 | D:10     | Killed a two-headed ogre
 12122 | D:10     | Found a shadowy altar of Dithmenos.
 12161 | D:10     | Found a blossoming altar of Fedhas.
 12326 | D:10     | Found an iron altar of Okawaru.
 12388 | D:10     | Became a worshipper of Warmaster Okawaru
 12537 | D:10     | Found a staircase to the Lair.
 12541 | D:10     | Reached skill level 1 in Invocations
 12548 | D:10     | Reached skill level 2 in Invocations
 12777 | D:9      | Reached skill level 3 in Invocations
 12876 | D:10     | Reached * piety under Okawaru
 12917 | D:10     | Reached skill level 4 in Invocations
 12987 | D:10     | Found a burning altar of Makhleb.
 13528 | D:10     | Reached skill level 5 in Invocations
 13767 | D:11     | Noticed a boulder beetle
 14003 | D:11     | Noticed a two-headed ogre
 14006 | D:11     | Killed a two-headed ogre
 14056 | D:11     | Noticed Fannar
 14085 | D:11     | Killed Fannar
 14086 | D:11     | Reached skill level 6 in Invocations
 14086 | D:11     | Reached XP level 12. HP: 78/113 MP: 16/16
 14217 | D:11     | Identified the +1 plate armour "Itirr" {rF+ Will- Regen+
                  | Slay+5}
 14227 | D:11     | Noticed a two-headed ogre
 14233 | D:11     | Reached ** piety under Okawaru
 14240 | D:11     | Killed a two-headed ogre
 14241 | D:11     | Reached skill level 7 in Invocations
 14599 | D:11     | Reached skill level 8 in Invocations
 14648 | D:11     | Found an ancient bone altar of Kikubaaqudgha.
 14728 | D:11     | Noticed Harold
 14739 | D:11     | Killed Harold
 14739 | D:11     | Reached *** piety under Okawaru
 14913 | D:12     | Reached skill level 10 in Armour
 14963 | D:12     | Reached skill level 9 in Invocations
 15654 | D:12     | Reached **** piety under Okawaru
 15847 | D:13     | Found a frozen archway.
 15861 | IceCv    | Entered an ice cave
 15877 | IceCv    | Reached skill level 10 in Invocations
 16444 | IceCv    | Found an ancient bone altar of Kikubaaqudgha.
 16461 | IceCv    | Found the +4 skin of Zhor {*Englaciate rC+++ SInv}
 16472 | IceCv    | Reached skill level 11 in Invocations
 16597 | IceCv    | Reached ***** piety under Okawaru
 16598 | IceCv    | Reached XP level 13. HP: 50/119 MP: 21/21
 16677 | IceCv    | Got the Dissertation on Iniquitous Acts
 16742 | IceCv    | Reached skill level 12 in Invocations
 16949 | IceCv    | Identified the ring "Nitueley" {Ice rElec rPois}
 17227 | D:13     | Found a one-way gate to the infinite horrors of the Abyss.
 17227 | D:13     | Noticed Bnni's ghost (journeyman FoHs)
 17490 | D:13     | Reached skill level 13 in Invocations
 17739 | D:13     | Found a transporter.
 17742 | D:13     | Found a transporter.
 17837 | D:13     | Reached ****** piety under Okawaru
 17869 | D:13     | Received a gift from Okawaru
 17892 | D:13     | Reached skill level 14 in Invocations
 17964 | D:13     | Identified a scroll of acquirement
 17964 | D:13     | Acquired 517 gold pieces
 18079 | D:9      | Killed Zigma's ghost
 18191 | D:13     | Noticed a great orb of eyes
 18209 | D:13     | Killed a great orb of eyes
 18220 | D:13     | Killed Bnni's ghost
 18221 | D:13     | Reached XP level 14. HP: 109/129 MP: 24/24
 18294 | D:14     | Noticed Frances
 18309 | D:14     | Killed Frances
 18309 | D:14     | Received a gift from Okawaru
 18405 | D:14     | Reached skill level 15 in Invocations
 18508 | Abyss:2  | Found a corrupted altar of Lugonu.
 18508 | Abyss:2  | Cast into level 2 of the Abyss (a wizard)
 18655 | Abyss:2  | Noticed a revenant
 18673 | Abyss:2  | Killed a revenant
 18872 | Abyss:2  | Noticed a starcursed mass
 18878 | Abyss:2  | Paralysed by accursed screaming for 1 turns
 18952 | Abyss:2  | Noticed a starcursed mass
 18960 | Abyss:2  | Paralysed by accursed screaming for 1 turns
 19124 | Abyss:2  | Noticed a starcursed mass
 19137 | Abyss:2  | Reached skill level 15 in Axes
 19257 | Abyss:2  | Found a corrupted altar of Lugonu.
 19295 | Abyss:2  | Found a corrupted altar of Lugonu.
 19303 | Abyss:2  | Found a corrupted altar of Lugonu.
 19303 | Abyss:2  | Found a corrupted altar of Lugonu.
 19336 | Abyss:2  | Found a corrupted altar of Lugonu.
 19377 | Abyss:2  | Noticed a bone dragon
 19396 | D:14     | Escaped the Abyss
 19414 | D:14     | HP: 6/132 [tengu conjurer/bolt of lightning (16)]
 19523 | D:14     | Identified the +1 plate armour of the Midnight Sun {rElec
                  | Regen+} (Okawaru gifted it to you on level 14 of the
                  | Dungeon)
 19523 | D:14     | Received a gift from Okawaru
 19545 | D:14     | Reached skill level 16 in Invocations
 19745 | D:14     | Got the Catalogue of Plaster Cramp
 19752 | D:14     | Got Ts'ui Pên's Omnibus of Forking Paths
 20004 | D:14     | HP: 1/133 [bone dragon (12)]
 20006 | D:14     | Slain by a bone dragon

Illustrated notes

Levels and vault maps discovered:
D:1:      lightli_arrival_noodles, layout_basic, minmay_misc_feat_nine_boxes
D:2:      layout_loops_cross
D:3:      layout_rooms, serial_bayou_lagoon_a, uniq_natasha,
          uniq_crazy_yiuf_cottage, uniq_grinder
D:4:      layout_gridville, hangedman_ru_absence, minmay_temple_entry_ruins,
          kennysheep_generic_room_4, uniq_pikel
D:5:      layout_basic
D:6:      layout_loops_ring, reono_crystal_passage, kennysheep_potato
D:7:      layout_loops_ring, enter_ossuary_1, serial_bayou, serial_bayou_lake_a,
          serial_bayou_pond_c, serial_bayou_shore_b, serial_bayou_ford_a,
          nicolae_figureground_sparkle, uniq_menkaure
D:8:      layout_basic, enter_bailey_5
D:9:      layout_rooms, erik_orc_2, gammafunk_ghost_arena
D:10:     layout_rooms, mainiacjoe_overflow_two_lobes,
          mainiacjoe_overflow_brackets, bloody_makhleb, minmay_lair_entry_grove,
          serial_shops, shop, small_statue_intersection
D:11:     layout_long_grid, kennysheep_vampire_church, uniq_harold, uniq_fannar
D:12:     layout_basic
D:13:     layout_rooms, portal_ice_cave_entry_pillars_1,
          gammafunk_ghost_abyssal_escape, minmay_between
D:14:     layout_basic, grunt_vaults_entry_fortified, special_room
          [special_room_orc], serial_corexii_hall, corexii_hall_statues_deadend,
          corexii_hall_statues_deadend, bh_hangedman_babel_library, uniq_frances
Temple:   hellmonk_temple_divided_pantheon

Skill      XL: |  1  2  3  4  5  6  7  8  9 10 11 12 13 14 |
---------------+-------------------------------------------+-----
Axes           | 3 4 5 6 8 9 10 12 13 15 | 15.6
Fighting       | 4 5 6 8 10 11 12 13 14 | 14.6
Armour         | 4 6 8 11 13 | 13.5
Dodging        | 1 2 |  2.8
Evocations     | 1 4 5 |  5.0
Shields        | 4 6 8 |  8.2
Invocations    | 6 11 14 16 | 16.3

Action                   |  1- 3 |  4- 6 |  7- 9 | 10-12 | 13-15 || total
-------------------------+-------+-------+-------+-------+-------++-------
Melee: War axe           |   117 |   136 |   336 |   767 |   609 ||  1965
       Flail             |       |       |       |       |    45 ||    45
Invok: Heroism           |       |       |       |     2 |     7 ||     9
Evoke: Wand              |       |     1 |     6 |    31 |     8 ||    46
  Use: Potion            |       |     1 |       |    10 |     8 ||    19
       Scroll            |       |       |    11 |    19 |     9 ||    39
 Stab: Paralysed         |       |       |       |    20 |     1 ||    21
       Invisible         |       |       |       |    10 |     2 ||    12
Armor: Scale mail        |    41 |    58 |   152 |       |       ||   251
       Chain mail        |       |       |    67 |   248 |       ||   315
       Plate armour      |       |       |       |   126 |   307 ||   433
Dodge: Dodged            |    59 |    75 |   164 |   310 |   139 ||   747
Block: Buckler           |    27 |    25 |    42 |       |       ||    94
       Kite shield       |       |       |    67 |   521 |   313 ||   901

Table legend: (Time is in decaauts)
 A = Elapsed time spent in this place.
 B = Non-inter-level travel time spent in this place.
 C = Inter-level travel time spent in this place.
 D = Time resting spent in this place.
 E = Time spent auto-exploring this place.
 F = Levels seen in this place.
 G = Mean time per level.
                   A        B        C        D        E       F      G
               +--------+--------+--------+--------+--------+-----+--------+
         Total |  20196 |  19474 |    722 |   5410 |   9818 |  19 | 1062.9 |
       Dungeon |  16681 |  15959 |    722 |   3985 |   8826 |  14 | 1191.5 |
        Temple |     81 |     81 |      0 |      0 |      0 |   1 |   81.0 |
         Abyss |    874 |    874 |      0 |    243 |    337 |   1 |  874.0 |
       Ossuary |    250 |    250 |      0 |     38 |    125 |   1 |  250.0 |
        Bailey |   1126 |   1126 |      0 |    572 |    233 |   1 | 1126.0 |
      Ice Cave |   1181 |   1181 |      0 |    570 |    297 |   1 | 1181.0 |
               +--------+--------+--------+--------+--------+-----+--------+

Top non-repeatable levels by time:
     D:9: 2195 daAuts
    D:10: 1584 daAuts
     D:7: 1483 daAuts
     D:6: 1359 daAuts
     D:8: 1285 daAuts
     D:1: 1220 daAuts
     D:4: 1205 daAuts
   IceCv: 1181 daAuts
    D:13: 1140 daAuts
  Bailey: 1126 daAuts
    D:12: 1095 daAuts
     D:3: 1030 daAuts
     D:2: 962 daAuts
    D:11: 948 daAuts
 Abyss:2: 874 daAuts
